 Dungeon Crawl Stone Soup version 0.25-a0-263-g9d16a9d099 (webtiles) character file.

Game seed: 4797310623301094470, levelgen mode: deterministic

42 RedPan the Ruffian (level 3, -13/37 HPs)
             Began as an Ogre Transmuter on Dec 7, 2019.
             Mangled by a kobold
             ... wielding a +2 whip of electrocution
              (15 damage)
             ... on level 2 of the Dungeon.
             The game lasted 00:02:39 (1731 turns).

RedPan the Ruffian (Ogre Transmuter)                Turns: 1731, Time: 00:02:40

Health: -13/37     AC:  3    Str: 19    XL:     3   Next: 56%
Magic:  5/6        EV: 10    Int: 14    God:
Gold:   24         SH:  0    Dex: 10    Spells: 0/6 levels left

rFire    . . .     SeeInvis .     - Unarmed
rCold    . . .     Gourm    .   (no shield)
rNeg     + . .     Faith    .   b - +0 robe
rPois    .         Spirit   .   (helmet restricted)
rElec    .         Reflect  .   (no cloak)
rCorr    .         Harm     .   (gloves unavailable)
MR       .....                  (boots unavailable)
Stlth    +.........             (no amulet)
HPRegen  0.12/turn              c - ring of positive energy
MPRegen  0.10/turn              (no ring)

@: mighty, appendage
A: large, unfitting armour, talons 3, tough skin 1
a: End Transformation


You were on level 2 of the Dungeon.
You were not hungry.
You had grown temporary talons.
You visited 1 branch of the dungeon, and saw 2 of its levels.

You collected 24 gold pieces.

Inventory:

Missiles
 a - 66 arrows
Armour
 b - a +0 robe (worn)
Jewellery
 c - a ring of positive energy (left hand)
Scrolls
 e - a scroll of teleportation {unknown}
 j - a scroll of remove curse
 l - a scroll of fog {unknown}
Potions
 f - a potion of might
 g - a potion of flight {unknown}
 h - a potion of degeneration {unknown}
 i - a potion of cancellation {unknown}
 k - a potion of heal wounds {unknown}
Comestibles
 d - 5 rations


   Skills:
 - Level 3.0 Fighting
 - Level 1.7 Dodging
 + Level 3.4 Unarmed Combat
 - Level 2.4 Spellcasting
 + Level 2.0 Transmutations


You couldn't memorise any spells.
You knew the following spells:

 Your Spells              Type           Power        Failure   Level  Hunger
a - Beastly Appendage     Tmut           #.....       10%         1    #......
b - Sticks to Snakes      Tmut           #.......     16%         2    ###....
c - Spider Form           Tmut/Pois      #.........   41%         3    ###....

Your spell library contained the following spells:

 Spells                   Type           Power        Failure   Level  Hunger
 Ice Form                 Ice/Tmut       #.......     83%         4    #####..
 Blade Hands              Tmut           #.........   95%         5    ######.


Dungeon Overview and Level Annotations

Branches:
Dungeon (2/15)

Altars:
Okawaru
Trog


Innate Abilities, Weirdness & Mutations

You are too large for most types of armour.
You have tough skin. (AC +1)
You have claws for feet.


Message History

Found a stone staircase leading down.
There is a bloodstained altar of Trog here.
You now have 24 gold pieces (gained 13).
A kobold comes into view.
It is wielding a +2 whip of electrocution.
The kobold shouts!
You hear a shout!
A goblin comes into view. It is wielding a +0 dagger.
The kobold hits you with a +2 whip of electrocution.
You are electrocuted!
Casting: Beastly Appendage (safe; 10% risk of failure)
Confirm with . or Enter, or press ? or * to list all spells.
Your feet morph into talons.
The kobold hits you with a +2 whip of electrocution.
You are electrocuted!
* * * LOW HITPOINT WARNING * * *
The kobold hits you but does no damage.
It was a potion of might.
You feel very mighty all of a sudden. The kobold hits you but does no damage.
You are electrocuted!
You die...

.......................#.###..#
....)...................># #.##
######.......#.#.#####.#.# #.#
#######.#.#.# #...# .#
.#.#.######..# #......#....#
#.###.##.#.##.# #
#..........##..# #
#####@#..####..# #
#####K#........#
#.....#######..# #.....+ ...
#....g# #.....# #.....# #......
#.......


You could see a goblin and a kobold.

Vanquished Creatures
  An adder (D:2)
  A worm (D:2)
  A leopard gecko (D:2)
  A ball python (D:1)
  4 bats
  2 hobgoblins (D:1)
  6 jackals (D:1)
  3 frilled lizards
  2 goblins
  4 kobolds
  5 rats
30 creatures vanquished.

Notes
Turn   | Place    | Note
-------+----------+-------------------------------------------
     0 | D:1      | RedPan the Ogre Transmuter began the quest for the Orb.
     0 | D:1      | Reached XP level 1. HP: 19/19 MP: 3/3
   274 | D:1      | Reached XP level 2. HP: 19/28 MP: 5/5
   368 | D:1      | Learned a level 2 spell: Sticks to Snakes
  1006 | D:2      | Reached XP level 3. HP: 29/36 MP: 4/6
  1104 | D:2      | Learned a level 3 spell: Spider Form
  1697 | D:2      | Found a bloodstained altar of Trog.
  1697 | D:2      | Found an iron altar of Okawaru.
  1727 | D:2      | HP: 1/37 [kobold/+2 whip of electrocution (11)]
  1731 | D:2      | Mangled by a kobold

Levels and vault maps discovered:
D:1:      dpeg_arrival_tiny_f, layout_basic
D:2:      layout_basic, chequers_temple_overflow_statue_of_worship,
          first_ration, item_on_display_a

Skill      XL: |  1  2  3 |
---------------+----------+-----
Fighting       | 2 3 |  3.0
Unarmed Combat | 3 |  3.4
Transmutations | 2 |  2.0
Dodging        | |  1.7
Spellcasting   | |  2.4

Action                   || total
-------------------------++-------
Melee: Unarmed           ||   137
       Punch             ||     1
       Kick              ||     3
 Cast: Beastly Appendage ||     4
  Use: Scroll            ||     3
       Potion            ||     1
  Eat: Chunk             ||     3
Armor: Robe              ||    46
Dodge: Dodged            ||    71

Table legend:
 A = Non-vault XP
 B = Vault XP
 C = Vault XP percentage of total XP
 D = Non-vault monster count
 E = Vault monster count
 F = Vault count percentage of total count
                 A         B        C        D         E       F
            +---------+---------+-------+---------+---------+-------
      Total |      61 |       0 |   0.0 |      30 |       0 |   0.0
            +---------+---------+-------+---------+---------+-------
        D:1 |      31 |       0 |   0.0 |      19 |       0 |   0.0
        D:2 |      30 |       0 |   0.0 |      11 |       0 |   0.0
            +---------+---------+-------+---------+---------+-------
